 Dungeon Crawl Stone Soup version 0.31-a0-149-g3fdcc5976a (webtiles) character file.

Game seed: 6210921243166589297

63 qw the Shooter (level 3, 0/31 HPs)
             Began as a Minotaur Hunter on June 7, 2023.
             Slain by an adder (1 damage)
             ... on level 2 of the Dungeon.
             The game lasted 00:00:19 (932 turns).

qw the Shooter (Minotaur Hunter)                     Turns: 932, Time: 00:00:20

Health: 0/31       AC:  3    Str: 15    XL:     3   Next: 87%
Magic:  2/2        EV: 12    Int:  6    God:
Gold:   129        SH:  0    Dex: 15    Spells: 2/2 levels left

rFire   . . .        Y - +2 triple crossbow (heavy)
rCold   + . .        (shield currently unavailable)
rNeg    . . .        f - +0 leather armour {rC+}
rPois   .            (helmet restricted)
rElec   .            (no cloak)
rCorr   .            (no gloves)
SInv    .            (no boots)
Will    .....        (no amulet)
Stlth   +            (no ring)
HPRegen 0.25/turn    (no ring)
MPRegen 0.08/turn

%: no passive effects
@: lethally poisoned (0 -> -8)
A: horns 2, retaliatory headbutt
a: no special abilities


You were on level 2 of the Dungeon.
You visited 1 branch of the dungeon, and saw 2 of its levels.

You collected 129 gold pieces.


Innate Abilities, Weirdness & Mutations

You have a pair of horns on your head.
You reflexively headbutt those who attack you in melee.


   Skills:
 - Level 3.0 Fighting
 + Level 5.8 Ranged Weapons
 - Level 2.1 Dodging
 - Level 0.7 Stealth


You had 2 spell levels left.
You didn't know any spells.
Your spell library was empty.

Inventory:

Hand Weapons
 Y - a +2 heavy triple crossbow (weapon)
Armour
 f - a +0 leather armour of cold resistance (worn)
Scrolls
 a - a scroll of teleportation
 b - 2 scrolls of identify {unknown}
 c - a scroll of enchant armour {unknown}
Potions
 d - a potion of curing

Dungeon Overview and Level Annotations

Branches:
Dungeon (2/15)

Altars:


Message History

Enter note: You shoot a bolt.
The bolt hits the goblin!!
You kill the goblin!
You hear an angry hiss.
A ball python comes into view.
You shoot a bolt. The bolt barely misses the ball python.
The ball python closely misses you. You furiously retaliate!
You headbutt the ball python, but do no damage.
The ball python grabs you. The ball python constricts you.
The ball python bites you. The ball python constricts you.
The ball python bites you. The ball python constricts you.
You shoot a bolt. The bolt hits the ball python!
You kill the ball python!
An adder comes into view.
You shoot a bolt. The bolt misses the adder.
You hear a shout!
You hear an angry hiss.
An adder comes into view.
A goblin comes into view. It is wielding a +0 club.
The adder bites you but does no damage. The adder completely misses you.
The goblin moves out of view.
You shoot a bolt. The bolt hits the adder.
The adder is lightly wounded.
The adder closely misses you. x2; The adder barely misses you.
You furiously retaliate!
You headbutt the adder. The adder bites you.
You are poisoned.
The adder poisons you!
You shoot a bolt. The bolt hits the adder.
The adder is heavily wounded.
You feel very sick.
The adder bites you. x2; The adder barely misses you. x2; The adder misses you.
The adder bites you.
You are more poisoned.
The adder poisons you! The adder bites you. x2
You are more poisoned.
The adder poisons you!
You shoot a bolt. The bolt closely misses the adder.
You feel extremely sick. The adder closely misses you. You furiously retaliate!
You headbutt the adder. The adder completely misses you. The adder bites you.
You die...

#...#... ......
.#######...#.## .#?#>
#..)............
..#.#................
#....................
#.......######..)####
...g.#.# #...#
#SS##.# #..)# #@##.#
#...# #.##.##.# #...#
#.......######.).####
####...............(#
......##.##.#....##.#
#####.#...#.#........
#.#.#............
#.#...#...####..#
#.##......####..#


You could see 2 adders and a goblin.

Vanquished Creatures
  3 gnolls (D:2)
  A dart slug (D:1)
  A ball python (D:2)
  A bat (D:1)
  4 endoplasms
  5 giant cockroaches
  5 goblins
  4 hobgoblins
  A frilled lizard (D:1)
  2 rats (D:2)
27 creatures vanquished.

Notes
Turn   | Place    | Note
-------+----------+-------------------------------------------
     0 | D:1      | qw the Minotaur Hunter began the quest for the Orb.
     0 | D:1      | Reached XP level 1. HP: 18/18 MP: 0/0
     0 | D:1      | 0 ||| qw: Version: 0.2-a-117-gc6b5c8b
     0 | D:1      | 0 ||| qw: Game counter: 2678
     0 | D:1      | 0 ||| qw: Always use a shield: true
     0 | D:1      | 0 ||| qw: God list: Okawaru
     0 | D:1      | 0 ||| qw: Allow faded altars: false
     0 | D:1      | 0 ||| qw: Do Orc after D:15 true
     0 | D:1      | 0 ||| qw: Do second Lair branch before Depths: true
     0 | D:1      | 0 ||| qw: Lair rune preference: random
     0 | D:1      | 0 ||| qw: Plans: Normal
     0 | D:1      | 0 ||| PLANNING D:1-11
   345 | D:1      | Reached XP level 2. HP: 25/25 MP: 1/1
   351 | D:1      | Reached skill level 5 in Ranged Weapons
   602 | D:1      | 602 ||| UPGRADING to +0 leather armour of cold resistance.
   612 | D:1      | 612 ||| DROPPING +0 leather armour.
   613 | D:1      | 613 ||| READING scroll labelled ZATZIM UMYTH.
   614 | D:1      | 614 ||| READING scroll labelled SOUNOA IKINU.
   614 | D:1      | Identified a scroll of acquirement
   614 | D:1      | 614 ||| ACQUIRING +2 heavy triple crossbow
   614 | D:1      | Acquired a +2 heavy triple crossbow
   616 | D:1      | 616 ||| SWAPPING to +2 heavy triple crossbow.
   617 | D:1      | 617 ||| DROPPING +0 shortbow.
   618 | D:1      | 618 ||| READING scroll labelled JOKHUST ARODD.
   621 | D:1      | 621 ||| READING scroll labelled MUJYOL OSUXYFU.
   622 | D:1      | 622 ||| DRINKING 2 purple potions.
   623 | D:1      | 623 ||| DROPPING scroll of butterflies.
   652 | D:2      | Reached skill level 3 in Fighting
   730 | D:2      | Reached XP level 3. HP: 31/31 MP: 2/2
   932 | D:2      | HP: 1/31 [poisoned by an adder]
   932 | D:2      | Slain by an adder

Levels and vault maps discovered:
D:1:      reono_arrival_mine, layout_loops_ring, minmay_vboxes
D:2:      layout_loops_cross

Skill      XL: |  1  2 |
---------------+-------+-----
Ranged Weapons | 5 |  5.8
Fighting       | 3 |  3.0
Dodging        | |  2.1
Stealth        | |  0.7

Action                     || total
---------------------------++-------
   Fire: Shortbow          ||    37
         Triple crossbow   ||    25
    Use: Scroll            ||     4
         Potion            ||     1
 Armour: Leather armour    ||     5
  Dodge: Dodged            ||    18

Table legend:
 A = Non-vault XP
 B = Vault XP
 C = Vault XP percentage of total XP
 D = Non-vault monster count
 E = Vault monster count
 F = Vault count percentage of total count
                 A         B        C        D         E       F
            +---------+---------+-------+---------+---------+-------
      Total |      77 |      13 |  14.4 |      21 |       6 |  22.2
            +---------+---------+-------+---------+---------+-------
        D:1 |      13 |      13 |  50.0 |       7 |       6 |  46.2
        D:2 |      64 |       0 |   0.0 |      14 |       0 |   0.0
            +---------+---------+-------+---------+---------+-------
